[Event "Titled Tuesday Blitz July 25 Early 2023"]
[White "Andreikin, Dmitry"]
[Black "Svane, Frederik"]
[WhiteFideId "4158814"]
[BlackFideId "12923044"]
[WhiteElo "3034"]
[BlackElo "2938"]
[Result "1/2-1/2"]
[Round "9"]
[TimeControl "180+2"]
[Date "2023.07.25"]
[WhiteClock "0:00:03"]
[BlackClock "0:00:09"]
[Board "7"]

1. e4 c5 2. Nc3 Nc6 3. Bb5 Nd4 4. Nf3 a6 5. Bd3 g6 6. Nxd4 cxd4 7. Ne2 Bg7 8. O-O d5 9. exd5 Qxd5 10. b3 Nh6 11. Ba3 Bf5 12. Re1 Qd7 13. Ng3 e6 14. Qf3 O-O-O 15. Be4 Kb8 16. Bc5 Rc8 17. b4 Bg4 18. Qb3 e5 19. Bd5 Rhd8 20. Bc4 Rc6 21. a4 Be6 22. a5 f5 23. Rab1 e4 24. d3 Bxc4 25. Qxc4 e3 26. fxe3 Ng4 27. e4 Ne3 28. Qb3 f4 29. Nf1 Qg4 30. Nxe3 dxe3 31. b5 f3 32. g3 f2+ 33. Kg2 fxe1=Q 34. Rxe1 Rxc5 35. bxa6 Qc8 36. Rb1 Rxc2+ 37. Kh1 Rc1+ 38. Rxc1 Qxc1+ 39. Kg2 Qc6 40. Qf7 e2 41. Qe7 Qc7 42. a7+ Kxa7 43. Qxc7 e1=Q 44. Qb6+ Ka8 45. Qxd8+ Ka7 46. Qb6+ Ka8 47. a6 Qe2+ 48. Kh3 Qh5+ 49. Kg2 Qe2+ 50. Kg1 Qd1+ 51. Kf2 Qc2+ 52. Kg1 Qc6 53. axb7+ Qxb7 54. Qd8+ Ka7 55. Qa5+ Kb8 56. Qd8+ Ka7 57. Qa5+ Kb8 58. Qd8+ Qc8 59. Qb6+ Ka8 60. Qa5+ Kb7 61. Qb5+ Kc7 62. Qc4+ Kd7 63. Qf7+ Kd6 64. Qxg7 Qc1+ 65. Kg2 Qd2+ 66. Kh3 Qxd3 67. Qf6+ Kd7 68. e5 Qe4 69. Qf7+ Kc6 70. e6 Qe2 71. Qf4 Qxe6+ 72. Kg2 Kd7 73. Qh6 Qf7 74. Qg5 Ke8 75. Kh3 Kf8 76. Qe5 Kg8 77. Qb8+ Kg7 78. Qe5+ Qf6 79. Qc7+ Qf7 80. Qc5 Qe6+ 81. Kg2 Qe2+ 82. Qf2 Qe4+ 83. Qf3 Qe6 84. h4 h5 85. Qc3+ Qf6 86. Qc7+ Qf7 87. Qe5+ Qf6 88. Qe3 Kf7 89. Kh2 Qe6 90. Qd4 Qf5 91. Qc4+ Kf6 92. Qc3+ Ke6 93. Qe3+ Kd5 94. Qd2+ Ke4 95. Qe2+ Kd4 96. Qd2+ Qd3 97. Qf4+ Qe4 98. Qd2+ Ke5 99. Qg5+ Qf5 100. Qe3+ Kd5 101. Qd2+ Ke4 102. Qe2+ Kd4 103. Qd2+ Qd3 104. Qf4+ Kc3 105. Qc1+ Kd4 106. Qf4+ 1/2-1/2


[Site "https://www.chess.com"]

[Event "Titled Tuesday Blitz July 25 Early 2023"]
[White "Martinez Alcantara, Jose Eduardo"]
[Black "Bok, Benjamin"]
[WhiteFideId "3805662"]
[BlackFideId "1017063"]
[WhiteElo "2992"]
[BlackElo "2967"]
[Result "1-0"]
[Round "9"]
[TimeControl "180+2"]
[Date "2023.07.25"]
[WhiteClock "0:00:06"]
[BlackClock "0:00:03"]
[Board "8"]

1. e4 c5 2. Nf3 d6 3. c3 Nf6 4. h3 g6 5. Bd3 Bg7 6. Bc2 e5 7. d4 exd4 8. cxd4 cxd4 9. Nxd4 O-O 10. O-O Nc6 11. Nxc6 bxc6 12. Nc3 d5 13. Bg5 h6 14. Be3 Be6 15. Qf3 d4 16. Rfd1 c5 17. Bf4 Qb6 18. Na4 Qb5 19. b3 Nd7 20. Rab1 c4 21. bxc4 Qxc4 22. Bb3 Qa6 23. Qg3 Rac8 24. h4 Bxb3 25. axb3 Rfe8 26. Qf3 Qb7 27. Re1 h5 28. g3 Nf6 29. Kg2 Nxe4 30. Rbc1 Rxc1 31. Rxc1 d3 32. Nc5 Nxc5 33. Rxc5 Qxb3 34. Rd5 a5 35. Rxd3 Qc4 36. Rd7 a4 37. Rc7 Qb3 38. Ra7 Qe6 39. Rxa4 Rd8 40. Re4 Qd7 41. Bg5 Re8 42. Rc4 Qe6 43. Rb4 Qd6 44. Rb7 Qe6 45. Kh2 Qc4 46. Be3 Qe6 47. Rc7 Be5 48. Rb7 Bg7 49. Kg1 Be5 50. Rb6 Qg4 51. Qxg4 hxg4 52. Kg2 Kg7 53. Rb7 Kg8 54. Bg5 Bg7 55. Rb4 f5 56. Rb5 Kf7 57. Bf4 Bf6 58. h5 gxh5 59. Rxf5 Kg6 60. Ra5 Bd4 61. Ra6+ Kf5 62. Ra4 Bf6 63. Ra5+ Kg6 64. Ra6 Kf5 65. Be3 Re6 66. Ra5+ Re5 67. Ra8 Re6 68. Rf8 Kg6 69. Rc8 h4 70. Rg8+ Kf5 71. gxh4 Bxh4 72. Rf8+ Kg6 73. Rf4 Kh5 74. Rd4 Bf6 75. Rd5+ Kg6 76. Kg3 Re4 77. Bf4 Rc4 78. Kxg4 Bg7 79. Kf3 Rc3+ 80. Be3 Bh6 81. Rd6+ Kg7 82. Rxh6 Rxe3+ 83. Kxe3 Kxh6 84. Ke4 Kg5 85. Ke5 Kg4 86. f4 1-0


[Site "https://www.chess.com"]

[Event "Titled Tuesday Blitz July 25 Early 2023"]
[White "Kravtsiv, Martyn"]
[Black "Hovhannisyan, Robert"]
[WhiteFideId "14113147"]
[BlackFideId "13302507"]
[WhiteElo "2852"]
[BlackElo "2971"]
[Result "1-0"]
[Round "9"]
[TimeControl "180+2"]
[Date "2023.07.25"]
[WhiteClock "0:00:25"]
[BlackClock "0:00:00"]
[Board "9"]

1. e4 e5 2. Nf3 Nc6 3. Nc3 Nf6 4. a4 a6 5. d4 exd4 6. Nxd4 Bb4 7. Nxc6 bxc6 8. Bd3 O-O 9. O-O d5 10. Bd2 Rb8 11. Re1 Bg4 12. Qc1 dxe4 13. Nxe4 Bxd2 14. Qxd2 Bf5 15. Nxf6+ Qxf6 16. Bxf5 Qxf5 17. Qc3 Qf6 18. Qxf6 gxf6 19. b3 Rfd8 20. Re3 Rd5 21. Rc3 Rbd8 22. Kf1 Rf5 23. Ke2 Re5+ 24. Re3 Rc5 25. Rc1 Kf8 26. Rd3 Re8+ 27. Kd2 Rf5 28. Rf1 h5 29. g3 h4 30. f4 hxg3 31. hxg3 Rh5 32. Rf2 Kg7 33. Re2 Rxe2+ 34. Kxe2 Rh2+ 35. Kd1 Kg6 36. Rc3 Rg2 37. a5 Kf5 38. Rxc6 Rxg3 39. Rxa6 Rg1+ 40. Kd2 Ra1 41. Kc3 Ra2 42. b4 Kxf4 43. Rxf6+ Ke5 44. Rxf7 c5 45. Rd7 cxb4+ 46. Kxb4 Rxc2 47. a6 Ke6 48. Rd3 Rc8 49. Kb5 Rb8+ 50. Kc6 Rc8+ 51. Kb7 Rc4 52. Rb3 Kd7 53. a7 Rc7+ 54. Ka6 Rc8 55. Rb8 Rxb8 56. axb8=Q 1-0


[Site "https://www.chess.com"]

[Event "Titled Tuesday Blitz July 25 Early 2023"]
[White "Cordova, Emilio"]
[Black "Leon Oquendo, Jorge"]
[WhiteFideId "3801497"]
[BlackFideId "3514803"]
[WhiteElo "2856"]
[BlackElo "2741"]
[Result "1-0"]
[Round "9"]
[TimeControl "180+2"]
[Date "2023.07.25"]
[WhiteClock "0:01:03"]
[BlackClock "0:00:00"]
[Board "10"]

1. Nf3 d5 2. e3 Nf6 3. c4 e6 4. Nc3 Be7 5. b3 O-O 6. Bb2 c5 7. cxd5 Nxd5 8. Nxd5 exd5 9. Rc1 Nc6 10. Bb5 Bd7 11. O-O a6 12. Be2 Rc8 13. a3 Qb6 14. Ba1 Qa5 15. Bc3 Qb6 16. Ba1 Be6 17. Qc2 d4 18. Bc4 Bxc4 19. bxc4 Bf6 20. e4 Qc7 21. Rb1 Rb8 22. d3 g6 23. Bb2 Rfc8 24. Bc1 Be7 25. Bd2 b5 26. g3 Qd7 27. Kg2 Qe6 28. Bf4 Bd6 29. Bxd6 Qxd6 30. cxb5 axb5 31. Rfc1 Ne5 32. Nxe5 Qxe5 33. a4 c4 34. Rxb5 Rxb5 35. axb5 c3 36. Qb3 Rb8 37. b6 Rb7 38. Qb4 Qf6 39. Rb1 h5 40. h4 Kg7 41. Qc5 Kh7 42. Rb4 Qe6 43. Rxd4 Rxb6 44. Rc4 Rd6 45. Rxc3 Rd7 46. Qe3 Rd8 47. Rc7 Kg8 48. d4 Rf8 49. d5 Qa6 50. Qf4 Qb6 51. d6 Qa5 52. e5 Re8 53. Qxf7+ 1-0


[Site "https://www.chess.com"]

[Event "Titled Tuesday Blitz July 25 Early 2023"]
[White "Sarana, Alexey"]
[Black "Ilamparthi A R"]
[WhiteFideId "24133795"]
[BlackFideId "45015775"]
[WhiteElo "3048"]
[BlackElo "2853"]
[Result "1-0"]
[Round "9"]
[TimeControl "180+2"]
[Date "2023.07.25"]
[WhiteClock "0:01:27"]
[BlackClock "0:00:32"]
[Board "11"]

1. d4 Nf6 2. c4 g6 3. Nc3 Bg7 4. e4 d6 5. Bd3 O-O 6. Nge2 Nc6 7. O-O e5 8. d5 Ne7 9. f3 Nh5 10. g4 Nf4 11. Nxf4 exf4 12. Bxf4 f5 13. exf5 gxf5 14. Bg5 Bd7 15. Qe2 Bf6 16. Bxf6 Rxf6 17. g5 Rf7 18. f4 Ng6 19. Qf2 Qf8 20. h4 h6 21. h5 Nxf4 22. Qxf4 hxg5 23. Qd4 Qh6 24. Rf2 Re8 25. Raf1 f4 26. Bg6 Bh3 27. Ne4 Ref8 28. Re1 g4 29. Bxf7+ Rxf7 30. Ng3 Rf8 31. Re6 fxg3 32. Rg6+ 1-0


[Site "https://www.chess.com"]

[Event "Titled Tuesday Blitz July 25 Early 2023"]
[White "Bortnyk, Olexandr"]
[Black "Ashraf, Artin"]
[WhiteFideId "14120828"]
[BlackFideId "22514805"]
[WhiteElo "3041"]
[BlackElo "2815"]
[Result "0-1"]
[Round "9"]
[TimeControl "180+2"]
[Date "2023.07.25"]
[WhiteClock "0:00:00"]
[BlackClock "0:00:03"]
[Board "12"]

1. e4 c5 2. c3 Nf6 3. e5 Nd5 4. d4 cxd4 5. Nf3 d6 6. cxd4 Nc6 7. Bc4 Nb6 8. Bb5 dxe5 9. Nxe5 Bd7 10. Nxd7 Qxd7 11. Nc3 e6 12. O-O Be7 13. Qg4 O-O 14. Rd1 Rfd8 15. Bxc6 Qxc6 16. Bh6 Bf8 17. Rac1 Rac8 18. Bg5 Re8 19. Ne4 f5 20. Rxc6 fxg4 21. Rxc8 Rxc8 22. Rc1 Rxc1+ 23. Bxc1 Nd5 24. Kf1 h6 25. Ke2 Kf7 26. a3 b6 27. Kd3 Ke8 28. Nc3 Bd6 29. g3 Kd7 30. Ne4 Bc7 31. Bd2 Kc6 32. a4 Bd6 33. Kc4 a6 34. Nxd6 Kxd6 35. b4 b5+ 36. axb5 Nb6+ 37. Kd3 axb5 38. Bf4+ Kd5 39. Bc7 Nd7 40. Bd8 Nf6 41. Be7 Ne4 42. Ke3 g5 43. Bf8 h5 44. Be7 e5 45. dxe5 Kxe5 46. Bd8 Kf5 47. Bc7 h4 48. Bd8 h3 49. Bc7 Nc3 50. Bd6 Nd1+ 51. Ke2 Nc3+ 52. Ke3 Ne4 53. Be7 Ke5 54. Bd8 Kf5 55. Bb6 Nc3 56. Kd4 Ne2+ 57. Kc5 Ng1 58. Kxb5 Nf3 59. Be3 Nxh2 60. Kc6 Nf3 61. b5 h2 62. b6 h1=Q 63. b7 Ne5+ 64. Kc7 Qh7+ 65. Kb6 Nd7+ 66. Ka7 Qf7 67. Ka6 Qc4+ 68. Ka5 Qd5+ 69. Ka6 Qc6+ 70. Ka5 Qxb7 0-1


[Site "https://www.chess.com"]

[Event "Titled Tuesday Blitz July 25 Early 2023"]
[White "Giri, Anish"]
[Black "Nagy, Gabor"]
[WhiteFideId "24116068"]
[BlackFideId "737119"]
[WhiteElo "3039"]
[BlackElo "2792"]
[Result "1-0"]
[Round "9"]
[TimeControl "180+2"]
[Date "2023.07.25"]
[WhiteClock "0:00:08"]
[BlackClock "0:00:28"]
[Board "13"]

1. e4 g6 2. d4 Bg7 3. Nf3 d6 4. Be3 Nf6 5. Nc3 O-O 6. Qd2 Ng4 7. Bg5 h6 8. Bh4 Nc6 9. Bb5 a6 10. Bxc6 bxc6 11. O-O Rb8 12. b3 Nf6 13. Rfe1 g5 14. Bg3 Bg4 15. Qd3 Qc8 16. h3 Bh5 17. Nd2 Bg6 18. Qe3 Nh5 19. Bh2 e6 20. e5 d5 21. Na4 f5 22. exf6 Bxf6 23. Be5 Ng7 24. c4 Bxe5 25. Qxe5 Rf5 26. Qe3 Qf8 27. Nc5 Re8 28. Nd7 Qd6 29. Ne5 Bh7 30. cxd5 cxd5 31. Rac1 Rf4 32. Rc6 Qb4 33. Ndf3 Nf5 34. Qc3 Qxc3 35. Rxc3 Nxd4 36. Nxd4 Rxd4 37. Rxc7 Rd2 38. Ng4 Rf8 39. Rxe6 h5 40. Nf6+ 1-0


[Site "https://www.chess.com"]

[Event "Titled Tuesday Blitz July 25 Early 2023"]
[White "Shimanov, Aleksandr"]
[Black "Zubritskiy, Artyom"]
[WhiteFideId "4198603"]
[BlackFideId "4181247"]
[WhiteElo "3002"]
[BlackElo "2791"]
[Result "0-1"]
[Round "9"]
[TimeControl "180+2"]
[Date "2023.07.25"]
[WhiteClock "0:00:00"]
[BlackClock "0:00:57"]
[Board "14"]

1. b3 c5 2. e4 Nc6 3. Bb2 e5 4. Bb5 Nge7 5. Nf3 d6 6. Bc4 h6 7. O-O g5 8. d4 cxd4 9. c3 Bg7 10. cxd4 g4 11. Nh4 Nxd4 12. Bxd4 exd4 13. Bb5+ Kf8 14. Nd2 Bf6 15. Nf5 Nxf5 16. exf5 h5 17. Bd3 d5 18. f3 Qd6 19. fxg4 hxg4 20. g3 Bg5 21. Qf3 gxf3 0-1


[Site "https://www.chess.com"]

[Event "Titled Tuesday Blitz July 25 Early 2023"]
[White "Bauman_Guy"]
[Black "Pranav, V"]
[BlackFideId "25060783"]
[WhiteElo "2777"]
[BlackElo "2999"]
[Result "1-0"]
[Round "9"]
[TimeControl "180+2"]
[Date "2023.07.25"]
[WhiteClock "0:00:55"]
[BlackClock "0:00:03"]
[Board "15"]

1. e4 e5 2. Nf3 Nc6 3. Bb5 a6 4. Ba4 Nf6 5. O-O Be7 6. Re1 b5 7. Bb3 d6 8. c3 O-O 9. h3 Nb8 10. d4 Nbd7 11. Nbd2 Bb7 12. Bc2 Re8 13. Nf1 Bf8 14. Ng3 g6 15. Bd2 c6 16. a4 Qc7 17. Qc1 Rad8 18. Bh6 Kh8 19. Bb3 Re7 20. Qg5 Bxh6 21. Qxh6 Ng8 22. Qh4 f6 23. axb5 cxb5 24. dxe5 dxe5 25. Red1 Rf8 26. Bd5 Nc5 27. Nf1 g5 28. Qg4 Kg7 29. Ne3 Nh6 30. Qh5 Nxe4 31. h4 Rd7 32. hxg5 fxg5 33. Nxg5 Nc5 34. b4 Bxd5 35. Nxd5 Qc6 36. bxc5 Rxd5 37. Rxd5 Qxd5 38. Rxa6 Rf6 39. Rxf6 Kxf6 40. Qxh6+ Kf5 41. Nf3 Qxc5 42. Qxh7+ Kf6 43. Qd3 Qc6 44. Qe3 Qd5 45. g4 e4 46. Qd4+ Ke6 47. Qxd5+ Kxd5 48. Nd4 b4 49. cxb4 Kxd4 50. g5 Ke5 51. b5 1-0


[Site "https://www.chess.com"]

[Event "Titled Tuesday Blitz July 25 Early 2023"]
[White "Kevlishvili, Robby"]
[Black "Tristan, Leonardo"]
[WhiteFideId "1040634"]
[BlackFideId "113816"]
[WhiteElo "2993"]
[BlackElo "2772"]
[Result "1-0"]
[Round "9"]
[TimeControl "180+2"]
[Date "2023.07.25"]
[WhiteClock "0:01:23"]
[BlackClock "0:00:00"]
[Board "16"]

1. Nf3 d5 2. g3 Nf6 3. Bg2 Bf5 4. O-O e6 5. d3 Be7 6. Nbd2 O-O 7. c4 c6 8. Qc2 h6 9. b3 Bh7 10. Bb2 Nbd7 11. Rad1 a5 12. e4 dxe4 13. Nxe4 a4 14. Rfe1 Qa5 15. Bc3 axb3 16. axb3 Qa2 17. Qxa2 Rxa2 18. Ne5 Nxe4 19. dxe4 Nc5 20. Bb4 Re8 21. Bf3 Rb2 22. Bxc5 Bxc5 23. Nd3 Rxb3 24. Nxc5 Rxf3 25. Nxb7 Rc3 26. Nd6 Ra8 27. Rc1 Rxc1 28. Rxc1 Bg6 29. c5 Ra4 30. f3 Ra2 31. Rb1 Rc2 32. Rb8+ Kh7 33. Rb7 f6 34. Re7 e5 35. Nb7 Bh5 36. g4 Bg6 37. Nd8 h5 38. h3 Rc1+ 39. Kf2 Rxc5 40. Ne6 Rc2+ 41. Kf1 Rc1+ 42. Ke2 Kh6 43. Rxg7 Rc2+ 44. Ke3 Rh2 45. Rg8 Rxh3 46. g5+ fxg5 47. Rh8+ Bh7 48. Rxh7+ Kxh7 49. Nxg5+ Kg6 50. Nxh3 c5 51. Kd3 1-0


[Site "https://www.chess.com"]

[Event "Titled Tuesday Blitz July 25 Early 2023"]
[White "Dvirnyy, Danyyil"]
[Black "Xiong, Jeffery"]
[WhiteFideId "817570"]
[BlackFideId "2047640"]
[WhiteElo "2768"]
[BlackElo "2988"]
[Result "1/2-1/2"]
[Round "9"]
[TimeControl "180+2"]
[Date "2023.07.25"]
[WhiteClock "0:01:06"]
[BlackClock "0:00:44"]
[Board "17"]

1. Nf3 c5 2. g3 Nc6 3. Bg2 g6 4. O-O Bg7 5. c4 d6 6. Nc3 e6 7. Rb1 Nge7 8. a3 O-O 9. b4 b6 10. Qa4 Bb7 11. Bb2 Qd7 12. e3 Rfd8 13. Ne2 Bxb2 14. Rxb2 Nd4 15. Qxd7 Nxe2+ 16. Kh1 Rxd7 17. Re1 Nxg3+ 18. hxg3 Rc8 19. d3 d5 20. Ne5 Rdc7 21. bxc5 Rxc5 22. Reb1 R5c7 23. cxd5 Bxd5 24. a4 f6 25. Ng4 Kg7 26. e4 Ba8 27. a5 bxa5 28. Ra2 Rc1+ 29. Rxc1 Rxc1+ 30. Kh2 Nc6 31. e5 fxe5 32. Nxe5 Nxe5 33. Bxa8 Nxd3 34. Be4 Nc5 35. Bc6 Nb3 36. Ba4 Nd4 37. Kg2 Kf6 38. Rb2 Rc4 39. Bd1 Rb4 40. Ra2 Rb5 41. f4 e5 42. Kf2 exf4 43. gxf4 h5 44. Ke3 Nf5+ 45. Kf2 Rb4 46. Rxa5 Rxf4+ 47. Kg1 Rd4 48. Ba4 Rb4 49. Rxa7 Rb1+ 50. Kf2 Ra1 51. Ra6+ Kg5 52. Bb5 Rxa6 53. Bxa6 Kf4 54. Bb5 g5 55. Be8 h4 56. Kg2 g4 57. Bc6 h3+ 58. Kh2 Nd4 59. Bd7 Nf3+ 60. Kh1 Kg3 61. Bxg4 Kxg4 1/2-1/2


[Site "https://www.chess.com"]

[Event "Titled Tuesday Blitz July 25 Early 2023"]
[White "Svane, Rasmus"]
[Black "Fantastic_Power"]
[WhiteFideId "4657101"]
[WhiteElo "2967"]
[BlackElo "2754"]
[Result "1-0"]
[Round "9"]
[TimeControl "180+2"]
[Date "2023.07.25"]
[WhiteClock "0:02:05"]
[BlackClock "0:01:23"]
[Board "18"]

1. Nf3 Nf6 2. g3 d5 3. Bg2 c5 4. O-O e6 5. c4 d4 6. e3 Nc6 7. exd4 cxd4 8. d3 Bc5 9. Bg5 O-O 10. Nbd2 h6 11. Bxf6 Qxf6 12. Ne4 Qe7 13. Nxc5 Qxc5 14. a3 e5 15. b4 Qd6 16. Re1 Re8 17. c5 Qc7 18. Nd2 Be6 19. Ne4 f6 20. Nd6 Red8 21. Qa4 Bd7 22. Qb3+ Kh7 23. Be4+ 1-0


[Site "https://www.chess.com"]

[Event "Titled Tuesday Blitz July 25 Early 2023"]
[White "Indjic, Aleksandar"]
[Black "Cherniaiev, Tykhon"]
[WhiteFideId "911925"]
[BlackFideId "14182360"]
[WhiteElo "2959"]
[BlackElo "2736"]
[Result "1-0"]
[Round "9"]
[TimeControl "180+2"]
[Date "2023.07.25"]
[WhiteClock "0:00:20"]
[BlackClock "0:00:00"]
[Board "19"]

1. d4 Nf6 2. Bf4 d6 3. Nc3 c6 4. e4 g6 5. Qd2 Bg7 6. Bh6 O-O 7. h4 Qa5 8. Bd3 Re8 9. h5 e5 10. hxg6 fxg6 11. Bxg7 Kxg7 12. Qh6+ Kg8 13. Nf3 exd4 14. Nxd4 Nbd7 15. O-O-O Ne5 16. Qh4 Nxd3+ 17. Rxd3 Qh5 18. Qxh5 Nxh5 19. Nde2 Nf6 20. f3 d5 21. exd5 Bf5 22. Rd2 cxd5 23. Nf4 Be6 24. Nce2 Bf7 25. Nd4 Re7 26. Kd1 a6 27. Re2 Rxe2 28. Nfxe2 Re8 29. Kd2 Nh5 30. g4 Nf6 31. Nf4 Nd7 32. Nd3 Ne5 33. Nxe5 Rxe5 34. Ne2 h5 35. gxh5 gxh5 36. c3 Kf8 37. f4 Re4 38. Rh4 Ke7 39. Ng3 Ra4 40. a3 d4 41. Nf5+ Kf6 42. Nxd4 Ra5 43. Ke3 Rd5 44. Rh2 Bg6 45. f5 Bxf5 46. Rxh5 Re5+ 47. Kf4 Re4+ 48. Kf3 Bg6 49. Rd5 Re7 50. Rd6+ Kg5 51. Re6 Rf7+ 52. Ke3 Rf1 53. Rb6 Rf7 54. Ne6+ Kh4 55. Nc5 Bh5 56. Rxb7 Rf3+ 57. Kd4 Rf4+ 58. Ke5 Rc4 59. Ne6 Rg4 60. Nd4 Rg5+ 61. Kd6 Rg6+ 62. Kc5 Rg5+ 63. Kb6 Rg6+ 64. Ka7 a5 65. Rb6 Rg2 66. a4 Bd1 67. b3 Rg3 68. Rc6 Rg5 69. Kb6 Re5 70. Rc5 Re3 71. Kxa5 Kg4 72. Kb4 Kf4 73. a5 Ke4 74. a6 Kd3 75. Nf5 Re4+ 76. c4 Kc2 77. a7 Re8 78. Ne3+ Kb2 79. Nxd1+ Kc2 80. Ne3+ Kb2 81. Rc7 Ra8 82. Nd5 Rd8 83. Nb6 Rd6 84. Kc5 Rd2 85. a8=Q Rh2 86. Nd5 Rc2 87. Rb7 Kb1 88. Ra7 Rb2 89. Ra1+ Kc2 90. Ra2 1-0


[Site "https://www.chess.com"]

[Event "Titled Tuesday Blitz July 25 Early 2023"]
[White "Martic, Ivan"]
[Black "Gholami Orimi, Mahdi"]
[WhiteFideId "929301"]
[BlackFideId "12558486"]
[WhiteElo "2655"]
[BlackElo "2906"]
[Result "0-1"]
[Round "9"]
[TimeControl "180+2"]
[Date "2023.07.25"]
[WhiteClock "0:00:08"]
[BlackClock "0:00:09"]
[Board "21"]

1. d4 Nf6 2. Nf3 c5 3. d5 b5 4. a4 b4 5. Bg5 g6 6. Bxf6 exf6 7. Nbd2 Bg7 8. Nc4 d6 9. e3 f5 10. g3 O-O 11. Bg2 Ba6 12. Nfd2 Nd7 13. O-O Ne5 14. Nxe5 Bxe5 15. Rb1 c4 16. Nf3 Bf6 17. Nd4 Qa5 18. Nc6 Qxa4 19. b3 cxb3 20. cxb3 Qb5 21. Re1 Qb6 22. Qc2 Bc3 23. Red1 Bb5 24. h4 a5 25. e4 fxe4 26. Qxe4 Rae8 27. Qf4 Qc5 28. h5 Be2 29. Rdc1 Bd3 30. Ra1 Bxa1 31. Rxc5 dxc5 32. d6 c4 33. d7 Re1+ 34. Kh2 cxb3 35. hxg6 Bxg6 36. Qd6 Bg7 37. Ne7+ Rxe7 38. Qxe7 b2 39. Be4 Bxe4 40. Qxe4 Bf6 41. Qg4+ Kh8 42. Qf5 Kg7 43. Qg4+ Kh6 44. Qf4+ Kg6 45. Qe4+ Kg7 46. Qg4+ Kh8 47. Qf5 Bg7 48. Qc2 Rd8 49. Qc7 Bf6 50. Qd6 Kg7 51. Qd3 Rxd7 52. Qe4 Re7 53. Qg4+ Kf8 54. Qc8+ Re8 55. Qc5+ Kg7 56. Qc2 Re1 57. Qf5 b1=Q 58. Qg4+ Qg6 59. Qc4 Qh6+ 60. Kg2 Qh1# 0-1


[Site "https://www.chess.com"]

[Event "Titled Tuesday Blitz July 25 Early 2023"]
[White "Yaran, Siar"]
[Black "Bacrot, Etienne"]
[WhiteFideId "6323006"]
[BlackFideId "605506"]
[WhiteElo "2638"]
[BlackElo "2874"]
[Result "0-1"]
[Round "9"]
[TimeControl "180+2"]
[Date "2023.07.25"]
[WhiteClock "0:00:05"]
[BlackClock "0:00:06"]
[Board "22"]

1. d4 d5 2. c4 c6 3. Nc3 Nf6 4. Nf3 dxc4 5. a4 Bf5 6. Ne5 Nbd7 7. Nxc4 Qc7 8. g3 e5 9. dxe5 Nxe5 10. Bf4 Nfd7 11. Bg2 g5 12. Nxe5 gxf4 13. Nxd7 Bxd7 14. Qd4 Rg8 15. O-O Be7 16. Rfd1 Be6 17. Rac1 fxg3 18. hxg3 Qb6 19. Ne4 Qxd4 20. Rxd4 Rd8 21. Rcd1 Rxd4 22. Rxd4 a5 23. Nd6+ Bxd6 24. Rxd6 Ke7 25. Rd4 Rg5 26. Be4 h5 27. Bf3 Bg4 28. Kg2 Ke6 29. b4 Bxf3+ 30. Kxf3 c5 31. bxc5 Rxc5 32. e4 Rc3+ 33. Kf4 b6 34. Rd5 Rb3 35. Rxh5 Rb4 36. Rh6+ f6 37. g4 Ke7 38. Rh7+ Ke6 39. Rb7 Rb3 40. f3 Kd6 41. Rf7 Ke6 42. Rc7 Kd6 43. Rg7 Rb4 44. Rg6 Ke7 45. Kf5 Rxa4 46. Rxf6 Rb4 47. g5 Rb1 48. g6 a4 49. g7 Rg1 50. Rxb6 Rxg7 51. Ra6 Rg3 52. Kf4 Rg2 53. Rxa4 Kf6 54. Ra6+ Kf7 55. Kf5 Rf2 56. f4 Rb2 57. Ra7+ Kf8 58. e5 Rb6 59. e6 Rb4 60. Ke5 Ra4 61. f5 Rxa7 62. f6 Ra6 63. Kd5 Ke8 64. Ke5 Ra2 65. Kf5 Kf8 66. Ke5 Rd2 67. Kf5 Re2 0-1


[Site "https://www.chess.com"]

[Event "Titled Tuesday Blitz July 25 Early 2023"]
[White "Zavgorodniy, Sergiy"]
[Black "Harsha Bharathakoti"]
[WhiteFideId "14110148"]
[BlackFideId "5078776"]
[WhiteElo "2596"]
[BlackElo "2873"]
[Result "0-1"]
[Round "9"]
[TimeControl "180+2"]
[Date "2023.07.25"]
[WhiteClock "0:00:03"]
[BlackClock "0:00:10"]
[Board "23"]

1. e4 g6 2. d4 Bg7 3. Nc3 d6 4. Nge2 Nf6 5. g3 Nc6 6. Bg2 O-O 7. h3 e5 8. Be3 exd4 9. Nxd4 Re8 10. O-O Nd7 11. Qd2 Nde5 12. Nxc6 bxc6 13. Qe2 a5 14. Rfd1 Ba6 15. Qe1 Nc4 16. Bc1 Rb8 17. Bf1 Nxb2 18. Bxb2 Bxf1 19. Qxf1 Rxb2 20. Qd3 Qf6 21. Ne2 Qe6 22. Rab1 Qxe4 23. Nf4 Qxd3 24. Nxd3 Rxa2 25. Rb7 Rxc2 26. Rxc7 a4 27. Nb4 Rc4 28. Nxc6 Kh8 29. Rxd6 Be5 30. Re7 Rxe7 31. Rd8+ Kg7 32. Nxe7 Rc7 33. Rg8+ Kh6 34. Nd5 Ra7 35. Re8 a3 36. Nb4 Bd4 37. Re2 Bc5 38. Na2 Rb7 39. Rc2 Bd4 40. Rd2 Ba7 41. Rd3 Rb2 42. Rxa3 Bxf2+ 43. Kf1 Bxg3 44. Rxg3 Rxa2 45. Rf3 f5 46. Rf4 Kg5 47. Rd4 Ra3 48. Kg2 Re3 49. Kh2 Kf6 50. Kg2 g5 51. Rd6+ Re6 52. Rd7 Kg6 53. Rc7 h5 54. Rc5 h4 55. Rc8 g4 56. hxg4 fxg4 57. Rg8+ Kf5 58. Rf8+ Rf6 59. Rh8 Kg5 60. Rg8+ Kf4 61. Ra8 h3+ 62. Kh2 Re6 63. Rf8+ Kg5 64. Rg8+ Kf5 65. Rf8+ Rf6 66. Ra8 Kg5 67. Ra5+ Kh4 68. Ra4 Rf2+ 69. Kg1 Rd2 70. Ra3 g3 71. Ra4+ Kg5 72. Ra5+ Kg4 73. Ra4+ Kf5 74. Ra5+ Kf4 75. Ra4+ Ke3 76. Ra1 Ke2 77. Kh1 Rd1+ 78. Rxd1 Kxd1 79. Kg1 Ke2 80. Kh1 Kf3 81. Kg1 h2+ 82. Kh1 g2+ 83. Kxh2 Kf2 0-1


[Site "https://www.chess.com"]

[Event "Titled Tuesday Blitz July 25 Early 2023"]
[White "Kushagra Mohan"]
[Black "Agibileg, Uurtsaikh"]
[WhiteFideId "25033638"]
[BlackFideId "4901606"]
[WhiteElo "2864"]
[BlackElo "2634"]
[Result "0-1"]
[Round "9"]
[TimeControl "180+2"]
[Date "2023.07.25"]
[WhiteClock "0:01:17"]
[BlackClock "0:01:07"]
[Board "24"]

1. e4 c5 2. Nf3 e6 3. d4 cxd4 4. Nxd4 Nc6 5. Nc3 Qc7 6. Be3 a6 7. g4 Bb4 8. Nxc6 bxc6 9. Qd4 Be7 10. g5 e5 11. Qd2 Rb8 12. O-O-O Qb7 13. b3 Bb4 14. h4 d5 15. exd5 cxd5 16. Qxd5 Bg4 17. Qxe5+ Ne7 18. Bxa6 Bxc3 19. Qxc3 Qxa6 20. Qxg7 Rg8 21. Qe5 Rb5 22. Rd6 Qa3+ 23. Qb2 Qxd6 0-1


[Site "https://www.chess.com"]

[Event "Titled Tuesday Blitz July 25 Early 2023"]
[White "Sychev, Klementy"]
[Black "Mishra, Manoj"]
[WhiteFideId "4114060"]
[BlackFideId "5006007"]
[WhiteElo "2853"]
[BlackElo "2245"]
[Result "1-0"]
[Round "9"]
[TimeControl "180+2"]
[Date "2023.07.25"]
[WhiteClock "0:00:23"]
[BlackClock "0:00:34"]
[Board "25"]

1. e4 d6 2. d4 Nf6 3. Nc3 Nbd7 4. Nf3 e5 5. Rg1 c6 6. g4 h6 7. Be3 Be7 8. a3 Qc7 9. g5 hxg5 10. Nxg5 Rxh2 11. Qf3 exd4 12. Bxd4 Ne5 13. Bxe5 dxe5 14. Bc4 Bc5 15. O-O-O Bxf2 16. Nxf7 Bxg1 17. Rxg1 Qxf7 18. Bxf7+ Kxf7 19. Qg3 Rh7 20. Qxe5 Bd7 21. Qc7 Re8 22. e5 Re7 23. exf6 gxf6 24. Qg3 Bf5 25. Qg8# 1-0


[Site "https://www.chess.com"]

[Event "Titled Tuesday Blitz July 25 Early 2023"]
[White "ATM622"]
[Black "Bernadskiy, Vitaliy"]
[BlackFideId "14100371"]
[WhiteElo "2551"]
[BlackElo "2881"]
[Result "1-0"]
[Round "9"]
[TimeControl "180+2"]
[Date "2023.07.25"]
[WhiteClock "0:00:09"]
[BlackClock "0:00:02"]
[Board "26"]

1. d4 e6 2. c4 b6 3. Nf3 Bb7 4. g3 Bb4+ 5. Bd2 Bxf3 6. exf3 Bxd2+ 7. Nxd2 Nf6 8. Bg2 d5 9. O-O O-O 10. f4 Nc6 11. Nf3 Ne7 12. Ne5 Rc8 13. Rc1 c5 14. dxc5 Rxc5 15. cxd5 Rxc1 16. Qxc1 Nfxd5 17. Rd1 Qd6 18. Qd2 Rc8 19. Rc1 Rxc1+ 20. Qxc1 h6 21. Be4 g6 22. Qd2 Qc5 23. a3 h5 24. Qc2 Qxc2 25. Bxc2 Kf8 26. Kg2 Nc8 27. Be4 Nf6 28. Bf3 Ke7 29. Kf1 Nd7 30. Nxd7 Kxd7 31. Ke2 Kd6 32. Kd3 Ne7 33. Kc4 Nd5 34. Bxd5 exd5+ 35. Kd4 Ke6 36. f3 Kd6 37. g4 f5 38. gxf5 gxf5 39. h4 a6 40. b4 a5 41. Kd3 axb4 42. axb4 Kc6 43. Kd4 Kb5 44. Kxd5 Kxb4 45. Ke5 Kc4 46. Kxf5 b5 47. Kg5 b4 48. f5 Kd5 49. f6 Ke6 50. Kg6 b3 51. f4 b2 52. f5+ Ke5 53. f7 b1=Q 54. f8=Q Qg1+ 55. Kxh5 Kf4 56. Qh6+ Ke5 57. Qg5 Qd1+ 58. Kh6 Qd6+ 59. f6+ Ke6 60. Qg4+ Kf7 61. Qg6+ Ke6 62. f7+ 1-0


[Site "https://www.chess.com"]